 Dungeon Crawl Stone Soup version 0.31.0-32-g396128a36d (webtiles) character file.

Game seed: 6122631190382489097

11512 KittyFluff the Grappler (level 11, -6/119 HPs)
             Began as a Troll Shapeshifter on Mar 25, 2024.
             Was a Priest of Trog.
             Mangled by a seven-headed hydra (13 damage)
             ... on level 1 of the Lair of Beasts on Mar 26, 2024.
             The game lasted 00:50:11 (9007 turns).

KittyFluff the Grappler (Troll Shapeshifter)        Turns: 9007, Time: 00:50:12

Health: -6/119     AC:  5    Str: 26    XL:     11   Next: 50%
Magic:  8/8        EV: 12    Int:  6    God:    Trog [***...]
Gold:   585        SH:  0    Dex: 11    Spells: 10/10 levels left

rFire   . .          .
                       - Unarmed
rCold   . . .        (no shield)
rNeg    . . .        Y - +0 troll leather armour
rPois   +            (helmet currently unavailable)
rElec   .            (cloak currently unavailable)
rCorr   .            (gloves unavailable)
SInv    .            (boots unavailable)
Will    +....        (no amulet)
Stlth   +            h - ring of willpower
HPRegen 1.99/turn    U - +4 ring of slaying
MPRegen 0.11/turn

%: no passive effects
@: about to teleport, beast-form, studying Ranged Weapons
A: beast (slay +4), large, unfitting armour, claws 3, regeneration 1, shaggy fur
1, tough skin 1, low MP 1, poison resistance, robust 1
a: Begin Untransformation, Renounce Religion, Berserk, Trog's Hand


You were on level 1 of the Lair of Beasts.
You worshipped Trog.
Trog was most pleased with you.
You were a hulking beast.
You visited 3 branches of the dungeon, and saw 12 of its levels.

You collected 701 gold pieces.
You spent 116 gold pieces at shops.

Inventory:

Hand Weapons
 o - the +11 arbalest of the Everdark {drain, Str+3}
   (You found it on level 10 of the Dungeon)

   Str+3:     It affects your strength (+3).
 t - a +0 quarterstaff
 A - a +1 whip of flaming
 D - a +5 spear of venom
 M - a +1 flail of protection
 R - a +0 giant spiked club
Missiles
 p - 26 poisoned darts
 r - 6 atropa-tipped darts
 s - 3 curare-tipped darts
 G - 31 stones (quivered)
 H - 6 throwing nets
 L - 12 boomerangs
 P - 2 javelins
Armour
 z - a +0 cloak
 S - a +1 helmet
 Y - a +0 troll leather armour (worn)
 Z - the +9 scales of the Dragon King {rPois rF+ rC+ Will+}
   (You found it on level 9 of the Dungeon)

   rF+:       It protects you from fire.
   rC+:       It protects you from cold.
   rPois:     It protects you from poison Will+: It increases your willpower.
Jewellery
 h - a ring of willpower (left claw)
 Q - a ring of protection from cold
 T - a ring of positive energy
 U - a +4 ring of slaying (right claw)
Talismans
 c - a beast talisman
 d - a flux talisman
 K - a maw talisman
 V - a blade talisman
Wands
 b - a wand of digging (7)
 k - a wand of paralysis (22)
 u - a wand of polymorph (5)
 C - a wand of roots (8)
 W - a wand of light (8)
Scrolls
 a - 3 scrolls of blinking {unknown}
 e - 4 scrolls of enchant weapon {unknown}
 g - a scroll of enchant armour {unknown}
 i - 3 scrolls of noise {unknown}
 m - 2 scrolls of brand weapon {unknown}
 n - 2 scrolls of vulnerability
 x - 3 scrolls of fear
 y - 2 scrolls of acquirement {unknown}
 E - 2 scrolls of poison {unknown}
 F - a scroll of revelation {unknown}
Potions
 j - 4 potions of curing
 l - 2 potions of mutation
 q - 2 potions of enlightenment
 v - 2 potions of attraction
 I - a potion of cancellation
 J - 2 potions of haste
 N - 2 potions of might {unknown}
 O - 2 potions of ambrosia
 X - 2 potions of heal wounds {unknown}
Miscellaneous
 B - a lightning rod (4/4)


   Skills:
 + Level 7.1 Fighting
 + Level 2.3 Ranged Weapons
 + Level 5.5 Throwing
 * Level 1.8 Armour
 + Level 7.3 Dodging
 + Level 9.1 Unarmed Combat
 + Level 8.4 Shapeshifting


You had 10 spell levels left.
You didn't know any spells.
Your spell library contained the following spells:

 Spells                   Type           Power      Damage    Failure   Level
 Sublimation of Blood     Necr           0%         N/A       63%         2
 Animate Dead             Necr           0%         N/A       99%         4
 Petrify                  Alch/Erth      0%         N/A       99%         4
 Irradiate                Conj/Alch      0%         3d11      100%        5
 Haunt                    Necr/Summ      0%         N/A       100%        7
 Infestation              Necr           0%         N/A       100%        8


Dungeon Overview and Level Annotations

Branches:
Dungeon (10/15)            Temple (1/1) D:6            Lair (1/5) D:9
    Orc (0/2) D:9

Altars:
Ashenzari
Cheibriados
Dithmenos
Elyvilon
Fedhas
Gozag
Hepliaklqana
Kikubaaqudgha
Makhleb
Nemelex Xobeh
Okawaru
Qazlal
Ru
Sif Muna
Trog
Uskayaw
Vehumet
Wu Jian
Xom
Yredelemnul
Zin
The Shining One

Shops:
D:3 *

Annotations:
Lair:1 Fannar, Gastronok


Innate Abilities, Weirdness & Mutations

You are a hulking beast.
Your limbs bulge with bestial killing power. (Slay +4)
You are too large for most types of armour.
You have claws for hands.
Your natural rate of healing is unusually fast.
You are covered in fur. (AC +1)
You have tough skin. (AC +1)
Your magical capacity is low. (-10% MP)
Your system is resistant to poisons. (rPois)
You are robust. (+10% HP)


Message History

You feel sick.
The boulder beetle bites you but does no damage.
You scratch the boulder beetle but do no damage.
You claw the boulder beetle!!
The boulder beetle is severely wounded.
You feel sick.
The boulder beetle leaps!
Gastronok the Ponderous comes into view.
Fannar the Cold-Hearted comes into view.
They are wielding a staff of cold and wearing a +1 robe of cold resistance.
You feel sick.
Fannar shouts!
You see here a water moccasin corpse.
You feel sick.
You feel sick.
A seven-headed hydra comes into view.
You feel sick.
You are no longer poisoned.
The seven-headed hydra roars!
Fannar hits you with a staff of cold. Fannar freezes you.
Fannar gestures wildly while chanting.
Fannar hits you with a staff of cold. Fannar freezes you!
The ice beast barely misses you.
Some snowflakes condense on Fannar.
The seven-headed hydra bites you but does no damage.
The seven-headed hydra bites you!
* * * LOW HITPOINT WARNING * * *
The seven-headed hydra bites you!
* * * LOW HITPOINT WARNING * * *
The seven-headed hydra closely misses you.
The seven-headed hydra bites you.
* * * LOW HITPOINT WARNING * * *
The seven-headed hydra bites you!
* * * LOW HITPOINT WARNING * * *
The seven-headed hydra closely misses you.
You can no longer call in reinforcements.
As you read the scroll of teleportation, it crumbles to dust.
You feel strangely unstable. The seven-headed hydra bites you.
* * * LOW HITPOINT WARNING * * *
The seven-headed hydra completely misses you.
The seven-headed hydra bites you!
You die...

....P. .......
........## #
.........# #.#.w
.........##
#####......
..........####.†....P#
.........Y.....###..##
.........De..### ....
.........h#### ....
.......<..# ...
..........# ..
...........# B
#............
#.......##.....
#......## #....
##...## .... #### ...


You could see Fannar, a seven-headed hydra and an ice beast (summoned).

Vanquished Creatures
  The ghost of DaltonD4200008 the Nimble, a novice MiMo of Okawaru (D:9)
  A two-headed ogre (D:9)
  A flayed ghost (D:9)
  Pikel (D:5)
  A manticore (D:10)
  Joseph (D:10)
  A queen bee (D:9)
  A merfolk (D:9)
  A troll (D:10)
  3 hornets
  Sigmund (D:5)
  A shadow (D:9)
  4 wraiths (D:9)
  A wyvern (D:8)
  4 yaks (D:9)
  A vampire (D:10)
  A fire bat (D:9)
  Eustachio (D:5)
  7 vampire mosquitoes (D:10)
  Menkaure (D:5)
  2 water moccasins
  Duvessa (D:4)
  An ice beast (D:5)
  A sky beast (D:8)
  5 orc warriors
  An ogre (D:5)
  4 centaurs
  4 lemures (D:5)
  A phantom (D:3)
  5 kobold brigands
  5 bullfrogs
  A gnoll sergeant (D:9)
  22 killer bees
  Dowan (D:4)
  2 jellies
  9 orc priests
  Crazy Yiuf (D:5)
  A bombardier beetle (D:4)
  A hound (D:6)
  3 gnoll boudas
  2 sleepcaps
  4 iguanas
  8 orc wizards
  23 gnolls
  8 adders
  2 white imps
  3 ribbon worms
  2 dart slugs
  27 orcs
  9 ball pythons
  15 bats
  8 endoplasms
  3 giant cockroaches
  11 goblins
  5 hobgoblins
  4 jackals
  4 quokkas
  2 training dummies (D:4)
  9 frilled lizards
  14 kobolds
  7 rats
275 creatures vanquished.

Notes
Turn   | Place    | Note
-------+----------+-------------------------------------------
     0 | D:1      | KittyFluff the Troll Shapeshifter began the quest for the
                  | Orb.
     0 | D:1      | Reached XP level 1. HP: 18/18 MP: 0/0
    66 | D:1      | Reached skill level 1 in Fighting
   137 | D:1      | Reached XP level 2. HP: 27/27 MP: 1/1
   397 | D:1      | Reached XP level 3. HP: 33/33 MP: 2/2
  1001 | D:2      | You fall into a shaft and drop 1 floor!
  1626 | D:3      | Reached XP level 4. HP: 42/42 MP: 3/3
  1687 | D:3      | Found Mikyesex's Assorted Antiques.
  1724 | D:3      | Bought a curved ivory wand for 116 gold pieces
  1750 | D:3      | Found a glowing golden altar of the Shining One.
  1942 | D:3      | Reached XP level 5. HP: 33/49 MP: 4/4
  2104 | D:3      | Noticed a phantom
  2112 | D:3      | Killed a phantom
  2113 | D:3      | Reached skill level 4 in Unarmed Combat
  2272 | D:4      | Reached XP level 6. HP: 55/59 MP: 5/5
  2363 | D:4      | Found a hazy altar of Hepliaklqana.
  2479 | D:4      | Noticed Duvessa
  2479 | D:4      | Noticed Dowan
  2486 | D:4      | Gained mutation: Your system is resistant to poisons.
                  | (rPois) [potion of mutation]
  2486 | D:4      | Gained mutation: You are robust. (+10% HP) [potion of
                  | mutation]
  2486 | D:4      | Gained mutation: Your magical capacity is low. (-10% MP)
                  | [potion of mutation]
  2488 | D:4      | HP: 2/64 [Duvessa/+3 short sword of flaming (3)]
  2846 | D:4      | Killed Duvessa
  2847 | D:4      | Reached XP level 7. HP: 59/73 MP: 5/5
  2875 | D:4      | Killed Dowan
  3017 | D:5      | Entered Level 5 of the Dungeon
  3046 | D:5      | Reached skill level 5 in Unarmed Combat
  3157 | D:5      | Found a runed translucent door.
  3158 | D:5      | Noticed Crazy Yiuf
  3166 | D:5      | Killed Crazy Yiuf
  3300 | D:5      | Noticed Pikel
  3309 | D:5      | Killed Pikel
  3310 | D:5      | Reached skill level 5 in Shapeshifting
  3310 | D:5      | Reached XP level 8. HP: 50/85 MP: 6/6
  3481 | D:5      | Reached skill level 6 in Unarmed Combat
  3486 | D:5      | Noticed Sigmund
  3503 | D:5      | Killed Sigmund
  3546 | D:5      | Noticed Eustachio
  3547 | D:5      | Noticed Menkaure
  3572 | D:5      | Killed Eustachio
  3573 | D:5      | Reached skill level 5 in Dodging
  3583 | D:5      | Killed Menkaure
  3924 | D:6      | Reached XP level 9. HP: 93/95 MP: 7/7
  4213 | D:6      | Found a blossoming altar of Fedhas.
  4371 | D:6      | Found a basalt altar of Yredelemnul.
  4499 | D:6      | Found a staircase to the Ecumenical Temple.
  4506 | Temple   | Entered the Ecumenical Temple
  4519 | Temple   | Became a worshipper of Trog the Wrathful
  4693 | D:7      | Reached skill level 5 in Fighting
  4693 | D:7      | Reached skill level 1 in Throwing
  5361 | D:7      | Reached skill level 7 in Unarmed Combat
  5548 | D:7      | Reached * piety under Trog
  5973 | D:8      | Reached ** piety under Trog
  6043 | D:8      | Reached XP level 10. HP: 89/107 MP: 8/8
  6074 | D:8      | Found a radiant altar of Vehumet.
  6449 | D:9      | Found a sparkling altar of Nemelex Xobeh.
  6450 | D:9      | Noticed a two-headed ogre
  6472 | D:9      | Killed a two-headed ogre
  6473 | D:9      | Reached skill level 8 in Unarmed Combat
  6626 | D:9      | Found a transporter.
  6628 | D:9      | Found a transporter.
  6630 | D:9      | Noticed DaltonD4200008's ghost (novice MiMo)
  6685 | D:9      | Found a staircase to the Lair.
  6778 | D:9      | Found a shadowy altar of Dithmenos.
  6791 | D:9      | Found a glowing silver altar of Zin.
  6978 | D:9      | Reached *** piety under Trog
  7106 | D:9      | Found a sparkling altar of Nemelex Xobeh.
  7194 | D:9      | Found a staircase to the Orcish Mines.
  7342 | D:9      | Killed DaltonD4200008's ghost
  7347 | D:9      | Reached XP level 11. HP: 55/117 MP: 8/8
  7540 | D:10     | Entered Level 10 of the Dungeon
  7547 | D:10     | Identified the +11 arbalest of the Everdark {drain, Str+3}
  7605 | D:10     | Noticed Joseph
  7616 | D:10     | Killed Joseph
  7617 | D:10     | Reached skill level 5 in Throwing
  7768 | D:10     | HP: 4/117 [vampire mosquito (10)]
  8019 | D:10     | Reached skill level 1 in Ranged Weapons
  8114 | D:10     | Reached skill level 1 in Armour
  8624 | D:9      | Found a runed translucent door.
  8630 | D:9      | Noticed a flayed ghost
  8630 | D:9      | Found the +9 scales of the Dragon King {rPois rF+ rC+
                  | Will+}
  8644 | D:9      | Found a blossoming altar of Fedhas.
  8666 | D:9      | Found a bloodstained altar of Trog.
  8704 | D:9      | Reached skill level 9 in Unarmed Combat
  8731 | D:9      | Found a blossoming altar of Fedhas.
  8747 | D:9      | Found a shadowy altar of Dithmenos.
  8783 | D:9      | Found a sacrificial altar of Ru.
  8800 | D:9      | Reached **** piety under Trog
  8809 | D:9      | Found a blossoming altar of Fedhas.
  8831 | D:9      | Killed a flayed ghost
  8933 | Lair:1   | Entered Level 1 of the Lair of Beasts
  8987 | Lair:1   | Noticed a boulder beetle
  8999 | Lair:1   | Noticed Gastronok
  9000 | Lair:1   | Noticed Fannar
  9002 | Lair:1   | Noticed a seven-headed hydra
  9007 | Lair:1   | Mangled by a seven-headed hydra

Illustrated notes

Levels and vault maps discovered:
D:1:      spicycebolla_green_bress_n_ham_2, layout_loops_ring,
          shapermc_ecumenical_altar_mp_urbaneastern
D:2:      layout_basic
D:3:      layout_loops_cross, lemuel_round_altar, serial_shops,
          nicolae_shop_stone
D:4:      dreamdust_elfheim, layout_basic, mainiacjoe_overflow_catwalk
D:5:      layout_loops_ring, st_stairs_12, uniq_pikel, uniq_eustachio,
          uniq_sigmund, uniq_crazy_yiuf_cottage, uniq_menkaure
D:6:      layout_basic, fedhas_altar_3, lemuel_tele_altar,
          minmay_temple_entry_arrows, kennysheep_nondescript, solitary_fountain
D:7:      layout_basic
D:8:      layout_basic, nicolae_vehumet_radiance, minmay_misc_feat_room
D:9:      due_megacathedral, layout_rooms, mainiacjoe_overflow_boulevard,
          grunt_temple_overflow_open, gammafunk_ghost_hive, roadster_trireme
D:10:     layout_loops_ring, uniq_joseph
Temple:   nicolae_temple_superstar
Lair:1:   layout_cave_pods, uniq_gastronok, uniq_fannar, uniq_nergalle

Skill      XL: |  1  2  3  4  5  6  7  8  9 10 11 |
---------------+----------------------------------+-----
Fighting       | 1 2 3 4 5 6 7 |  7.1
Dodging        | 2 3 4 5 6 7 |  7.3
Unarmed Combat | 4 5 6 7 8 9 |  9.1
Shapeshifting  | 4 5 6 7 8 |  8.4
Throwing       | 3 4 5 |  5.5
Ranged Weapons | 2 |  2.3
Armour         | 1 |  1.8

Action                     |  1- 3 |  4- 6 |  7- 9 | 10-12 || total
---------------------------+-------+-------+-------+-------++-------
  Melee: Unarmed           |   117 |    77 |   316 |   299 ||   809
         Punch             |     2 |     5 |    15 |    13 ||    35
  Throw: Stone             |       |     7 |    37 |     6 ||    50
 Invoke: Berserk           |       |       |       |     3 ||     3
  Evoke: Wand              |       |     1 |       |       ||     1
    Use: Scroll            |       |     3 |     2 |     3 ||     8
         Potion            |       |     1 |       |     3 ||     4
   Stab: Sleeping          |     1 |       |       |       ||     1
         Distracted        |       |       |       |     2 ||     2
 Armour: Animal skin       |    64 |    36 |    28 |       ||   128
         Robe              |       |       |   177 |   193 ||   370
         Skin              |       |       |       |    26 ||    26
         Troll leather arm |       |       |       |    43 ||    43
  Dodge: Dodged            |    45 |    25 |   137 |   177 ||   384
